AoeStats
← Hößi

Golden Pit

509965264Analyzed
1v1 RM · 3d ago on Sep 28, 2026· 25m 31s· 2 players
Game mode
Random Map
Map size
Tiny (2 player)
Population
200
Speed
Normal
Resources
Standard
Victory
Conquest
Starting age
Dark Age
Ending age
Imperial Age
RankedLock teamsTeams togetherTeam positionsShared explorationLock speedFull tech treeHidden civsTurbo modeCheats
Victory
Defeat
🇺🇸 Vikings · United States
1365
+17
🇩🇪 Franks · Germany
1377
-17
Flyingsheep78
6:14 Loom
8:52 Feudal Age
8:56 Man-at-Arms
20:21 Castle Age
18:58 Fletching
20:59 Crossbowman
22:19 Double-Bit Axe
23:27 Bow Saw
24:44 Padded Archer Armor
24:43 Bodkin Arrow
Hößi
10:33 Feudal Age
8:52 Loom
10:37 Feudal Age
19:36 Castle Age
Connection lost

Rejoining the realm…

Still unreachable

The connection could not be restored.

Session expired

The server has moved on; the page needs a fresh start.